PCL
SPOKANE TRAPPERS @ HOUSTON HAMMERTIME
05/04/2024
 
TOP OF THE 1ST
Spokane Trappers batting - Pitching for Houston Hammertime : RHP Norberto Méndez
Pitching: RHP Norberto Méndez
Batting: LHB Henry Leroux 0-0: Called Strike
0-1: SINGLE (Line Drive, 6D)
Batting: RHB John Craig 0-0: Foul Ball, location: 2F
0-1: Ball
1-1: SINGLE (Groundball, 4MD)
Henry Leroux to second
Runner from 2nd tries for 3rd, SAFE, throw made to third
Batting: LHB Colin Ives 0-0: Called Strike
0-1: Ball
1-1: Ball
2-1: 3-RUN HOME RUN (Flyball, 89XD), Distance : 397 ft
Batting: SHB Esteban Silva 0-0: Ball
1-0: Ball
2-0: Called Strike
2-1: Called Strike
2-2: Foul Ball, location: 2F
2-2: Ball
3-2: Base on Balls
Batting: LHB José Feliciano 0-0: Grounds into double play, 1-6-3 (Groundball, 13S)
Batting: RHB Ramiro Ross 0-0: Called Strike
0-1: Called Strike
0-2: Ball
1-2: Strikes out swinging
Top of the 1st over - 3 run(s), 3 hit(s), 0 error(s), 0 left on base; Spokane 3 - Houston 0
BOTTOM OF THE 1ST
Houston Hammertime batting - Pitching for Spokane Trappers : LHP Pedro Mata
Pitching: LHP Pedro Mata
Batting: RHB Rafael Torres 0-0: Ball
1-0: Foul Ball, location: 2F
1-1: Swinging Strike
1-2: Ball
2-2: Strikes out looking
Batting: LHB José Villegas 0-0: Ball
1-0: Ground out U3 (Groundball, 3L)
Batting: SHB Cristo Ontiveros 0-0: Ball
1-0: Called Strike
1-1: Ball
2-1: Ball
3-1: Called Strike
3-2: Fly out, F9 (Flyball, 9S)
Bottom of the 1st over - 0 run(s), 0 hit(s), 0 error(s), 0 left on base; Spokane 3 - Houston 0
TOP OF THE 2ND
Spokane Trappers batting - Pitching for Houston Hammertime : RHP Norberto Méndez
Batting: LHB Pete Carter 0-0: DOUBLE (Line Drive, 89D)
Batting: RHB Carmelo Hernández 0-0: Foul Ball, location: 2F
0-1: Ball
1-1: Ball
2-1: Ball
3-1: Foul Ball, location: 2F
3-2: Foul Ball, location: 2F
3-2: Ground out 5-3 (Groundball, 5)
Batting: RHB Todd Rockburn 0-0: Called Strike
0-1: Foul Ball, location: 2F
0-2: Strikes out swinging
Batting: LHB Henry Leroux 0-0: Ball
1-0: Swinging Strike
1-1: Ball
2-1: Foul Ball, location: 2F
2-2: Strikes out swinging
Top of the 2nd over - 0 run(s), 1 hit(s), 0 error(s), 1 left on base; Spokane 3 - Houston 0
BOTTOM OF THE 2ND
Houston Hammertime batting - Pitching for Spokane Trappers : LHP Pedro Mata
Batting: RHB Earl Wiggins 0-0: Ball
1-0: DOUBLE (Flyball, 8LXD) - OUT at third base trying to stretch hit.
Batting: RHB Mario Beltrán 0-0: Ball
1-0: Called Strike
1-1: Foul Ball, location: 2F
1-2: Fly out, F3 (Line Drive, 3S)
Batting: RHB John Pick 0-0: Ball
1-0: Ball
2-0: Foul Ball, location: 2F
2-1: Foul Ball, location: 2F
2-2: SINGLE (Line Drive, 56)
Batting: RHB Santo Cruz 0-0: Foul Ball, location: 2F
0-1: Swinging Strike
0-2: Ball
1-2: Ball
2-2: Fly out, F9 (Flyball, 9LS)
Bottom of the 2nd over - 0 run(s), 2 hit(s), 0 error(s), 1 left on base; Spokane 3 - Houston 0
TOP OF THE 3RD
Spokane Trappers batting - Pitching for Houston Hammertime : RHP Norberto Méndez
Batting: RHB John Craig 0-0: Called Strike
0-1: Ball
1-1: Ball
2-1: Foul Ball, location: 2F
2-2: Ball
3-2: Base on Balls
Batting: LHB Colin Ives 0-0: Fly out, F9 (Line Drive, 9M)
Batting: SHB Esteban Silva 0-0: 2-RUN HOME RUN (Flyball, 9D), Distance : 349 ft
Batting: LHB José Feliciano 0-0: Ball
1-0: Swinging Strike
1-1: Ball
2-1: Ball
3-1: SINGLE (Groundball, 56D)
Batting: RHB Ramiro Ross 0-0: Called Strike
0-1: Ball
1-1: Ball
2-1: Called Strike
2-2: DOUBLE (Line Drive, 7LS)
José Feliciano to third
Batting: LHB Pete Carter 0-0: Foul Ball, location: 2F
0-1: Ball
1-1: Ball
2-1: Foul Ball, location: 2F
2-2: Ball
3-2: Foul Ball, location: 2F
3-2: Base on Balls
Batting: RHB Carmelo Hernández 0-0: Called Strike
0-1: Swinging Strike
0-2: Ball
1-2: Strikes out looking
Batting: RHB Todd Rockburn 0-0: SINGLE (Line Drive, 34D)
José Feliciano scores
Ramiro Ross to third
Pete Carter to second
Batting: LHB Henry Leroux 0-0: Called Strike
0-1: Ball
1-1: Called Strike
1-2: Ball
2-2: Ball
3-2: Foul Ball, location: 2F
3-2: Foul Ball, location: 2F
3-2: Strikes out swinging
Top of the 3rd over - 3 run(s), 4 hit(s), 0 error(s), 3 left on base; Spokane 6 - Houston 0
BOTTOM OF THE 3RD
Houston Hammertime batting - Pitching for Spokane Trappers : LHP Pedro Mata
Batting: RHB Luis Barzaga 0-0: Called Strike
0-1: Fly out, F4 (Popup, 4)
Batting: LHB Fernando Camacho 0-0: Ball
1-0: Foul Ball, location: 2F
1-1: Swinging Strike
1-2: Fly out, F7 (Flyball, 78XD)
Batting: RHB Rafael Torres 0-0: Ball
1-0: Ball
2-0: Ball
3-0: Base on Balls
Batting: LHB José Villegas 0-0: Called Strike
0-1: Ball
1-1: Ball
2-1: Ball
3-1: Foul Ball, location: 2F
3-2: Base on Balls
Rafael Torres to second
Batting: SHB Cristo Ontiveros 0-0: Called Strike
0-1: Ball
1-1: Called Strike
1-2: Ball
2-2: Foul Ball, location: 2F
2-2: Foul Ball, location: 2F
2-2: Ball
3-2: Foul Ball, location: 2F
3-2: Base on Balls
Rafael Torres to third
José Villegas to second
Batting: RHB Earl Wiggins 0-0: Called Strike
0-1: Fielders Choice at 2nd, 5-4 (Groundball, 56)
Bottom of the 3rd over - 0 run(s), 0 hit(s), 0 error(s), 2 left on base; Spokane 6 - Houston 0
TOP OF THE 4TH
Spokane Trappers batting - Pitching for Houston Hammertime : RHP Norberto Méndez
Batting: RHB John Craig 0-0: Ball
1-0: Ball
2-0: Ball
3-0: Called Strike
3-1: Foul Ball, location: 2F
3-2: Ground out 1-3 (Groundball, 13S)
Batting: LHB Colin Ives 0-0: Called Strike
0-1: Foul Ball, location: 2F
0-2: Ball
1-2: Foul Ball, location: 2F
1-2: Ball
2-2: Ball
3-2: DOUBLE (Line Drive, 89XD)
Pitching: RHP António Mata
Batting: SHB Esteban Silva 0-0: Called Strike
0-1: Ground out 3-1 (Groundball, 3)
Colin Ives to third
Batting: LHB José Feliciano 0-0: Called Strike
0-1: Foul Ball, location: 2F
0-2: Ball
1-2: Ball
2-2: Strikes out swinging
Top of the 4th over - 0 run(s), 1 hit(s), 0 error(s), 1 left on base; Spokane 6 - Houston 0
BOTTOM OF THE 4TH
Houston Hammertime batting - Pitching for Spokane Trappers : LHP Pedro Mata
Batting: RHB Mario Beltrán 0-0: Called Strike
0-1: Foul Ball, location: 2F
0-2: Foul Ball, location: 2F
0-2: Ground out 5-3 (Groundball, 5L)
Batting: RHB John Pick 0-0: Ball
1-0: Ball
2-0: Foul Ball, location: 2F
2-1: Ball
3-1: Ground out 3-1 (Groundball, 34)
Batting: RHB Santo Cruz 0-0: Ball
1-0: Ball
2-0: Ball
3-0: Called Strike
3-1: Fly out, F7 (Flyball, 78S)
Bottom of the 4th over - 0 run(s), 0 hit(s), 0 error(s), 0 left on base; Spokane 6 - Houston 0
TOP OF THE 5TH
Spokane Trappers batting - Pitching for Houston Hammertime : RHP António Mata
Batting: RHB Ramiro Ross 0-0: Called Strike
0-1: Ball
1-1: Ball
2-1: SINGLE (Line Drive, 4MD)
Batting: LHB Pete Carter 0-0: Ball
1-0: SINGLE (Line Drive, 8RS)
Ramiro Ross to second
Batting: RHB Carmelo Hernández 0-0: Called Strike
0-1: Swinging Strike
0-2: Hit by Pitch
Ramiro Ross to third
Pete Carter to second
Batting: RHB Todd Rockburn 0-0: Ball
1-0: Ball
2-0: Called Strike
2-1: Foul Ball, location: 2F
2-2: Ball
3-2: Strikes out swinging
Batting: LHB Henry Leroux 0-0: Ball
1-0: Foul Ball, location: 2F
1-1: Foul Ball, location: 2F
1-2: SINGLE (Groundball, 6S)
Ramiro Ross scores
Pete Carter to third
Carmelo Hernández to second
Runner from 3rd tries for Home, SAFE, throw made home
Carmelo Hernández to third
Henry Leroux to second
Batting: RHB John Craig 0-0: Called Strike
0-1: Foul Ball, location: 2F
0-2: Foul Ball, location: 2F
0-2: Ball
1-2: Ball
2-2: Foul Ball, location: 2F
2-2: Foul Ball, location: 2F
2-2: Ground out 6-3 (Groundball, 6)
Carmelo Hernández scores
Pitching: RHP León Gómez
Batting: LHB Colin Ives 0-0: Called Strike
0-1: Swinging Strike
0-2: Foul Ball, location: 2F
0-2: Foul Ball, location: 2F
0-2: Strikes out looking
Top of the 5th over - 3 run(s), 3 hit(s), 0 error(s), 1 left on base; Spokane 9 - Houston 0
BOTTOM OF THE 5TH
Houston Hammertime batting - Pitching for Spokane Trappers : LHP Pedro Mata
Batting: RHB Luis Barzaga 0-0: SOLO HOME RUN (Flyball, 78XD), Distance : 399 ft
Batting: LHB Fernando Camacho 0-0: Fly out, F9 (Flyball, 9M)
Batting: RHB Rafael Torres 0-0: Ground out 6-3 (Groundball, 56)
Batting: LHB José Villegas 0-0: Foul Ball, location: 2F
0-1: Ball
1-1: Foul Ball, location: 2F
1-2: SINGLE (Line Drive, 56D)
Batting: SHB Cristo Ontiveros 0-0: Ball
1-0: Fly out, F9 (Line Drive, 89S)
Bottom of the 5th over - 1 run(s), 2 hit(s), 0 error(s), 1 left on base; Spokane 9 - Houston 1
TOP OF THE 6TH
Spokane Trappers batting - Pitching for Houston Hammertime : RHP León Gómez
Batting: SHB Esteban Silva 0-0: Called Strike
0-1: Foul Ball, location: 2F
0-2: Ball
1-2: Strikes out swinging
Batting: LHB José Feliciano 0-0: Ball
1-0: Ball
2-0: SOLO HOME RUN (Flyball, 7D), Distance : 344 ft
Batting: RHB Ramiro Ross 0-0: Called Strike
0-1: Ball
1-1: Ball
2-1: Foul Ball, location: 2F
2-2: Foul Ball, location: 2F
2-2: Strikes out swinging
Batting: LHB Pete Carter 0-0: Ball
1-0: Ball
2-0: Ball
3-0: Called Strike
3-1: Foul Ball, location: 2F
3-2: Foul Ball, location: 2F
3-2: Strikes out swinging
Top of the 6th over - 1 run(s), 1 hit(s), 0 error(s), 0 left on base; Spokane 10 - Houston 1
BOTTOM OF THE 6TH
Houston Hammertime batting - Pitching for Spokane Trappers : LHP Pedro Mata
Batting: RHB Earl Wiggins 0-0: Ball
1-0: Called Strike
1-1: Ball
2-1: Fly out, F1 (Popup, 25)
Batting: RHB Mario Beltrán 0-0: Called Strike
0-1: Foul Ball, location: 2F
0-2: Ball
1-2: Ball
2-2: Fly out, F9 (Flyball, 9D)
Batting: RHB John Pick 0-0: Ball
1-0: Called Strike
1-1: Foul Ball, location: 2F
1-2: Strikes out looking
Bottom of the 6th over - 0 run(s), 0 hit(s), 0 error(s), 0 left on base; Spokane 10 - Houston 1
TOP OF THE 7TH
Spokane Trappers batting - Pitching for Houston Hammertime : RHP León Gómez
Batting: RHB Carmelo Hernández 0-0: SINGLE (Flyball, 8RS)
Batting: RHB Todd Rockburn 0-0: Called Strike
0-1: Ball
1-1: Ball
2-1: Sac Bunt - play at first, batter OUT! 5-4
Carmelo Hernández to second
Batting: LHB Henry Leroux 0-0: Ball
1-0: Ball
2-0: Called Strike
2-1: Ball
3-1: Base on Balls
Batting: RHB John Craig 0-0: Ball
1-0: Called Strike
1-1: Ball
2-1: Grounds into double play, 6-4-3 (Groundball, 6)
Top of the 7th over - 0 run(s), 1 hit(s), 0 error(s), 1 left on base; Spokane 10 - Houston 1
BOTTOM OF THE 7TH
Houston Hammertime batting - Pitching for Spokane Trappers : LHP Pedro Mata
Pitching: RHP Andrew Kirk
Batting: RHB Santo Cruz 0-0: Ball
1-0: Ball
2-0: Foul Ball, location: 2F
2-1: Fly out, F9 (Flyball, 9LM)
Batting: RHB Luis Barzaga 0-0: Fly out, F8 (Flyball, 89M)
Batting: LHB Fernando Camacho 0-0: Ball
1-0: Foul Ball, location: 2F
1-1: SINGLE (Groundball, 4MD)
Batting: RHB Rafael Torres 0-0: Called Strike
0-1: Foul Ball, location: 2F
0-2: Ball
1-2: Foul Ball, location: 2F
1-2: Ball
2-2: Foul Ball, location: 2F
2-2: Strikes out looking
Bottom of the 7th over - 0 run(s), 1 hit(s), 0 error(s), 1 left on base; Spokane 10 - Houston 1
TOP OF THE 8TH
Spokane Trappers batting - Pitching for Houston Hammertime : RHP León Gómez
Pitching: RHP Júlio Martínez
Batting: LHB Colin Ives 0-0: Ball
1-0: Ball
2-0: Called Strike
2-1: Foul Ball, location: 2F
2-2: SINGLE (Flyball, 89S) - OUT at second base trying to stretch hit.
Batting: SHB Esteban Silva 0-0: Called Strike
0-1: Ball
1-1: Ball
2-1: Ball
3-1: Foul Ball, location: 2F
3-2: Ground out 4-3 (Groundball, 34)
Batting: LHB José Feliciano 0-0: Ball
1-0: Swinging Strike
1-1: Called Strike
1-2: DOUBLE (Flyball, 78D)
Batting: RHB Ramiro Ross 0-0: Foul Ball, location: 2F
0-1: Foul Ball, location: 2F
0-2: Ball
1-2: Ball
2-2: SINGLE (Groundball, 34D)
José Feliciano to third
Runner from 3rd tries for Home, SAFE, throw made home
Batting: LHB Pete Carter 0-0: SINGLE (Line Drive, 34D)
Ramiro Ross to second
Runner from 2nd tries for 3rd, SAFE, throw made to third
Batting: RHB Carmelo Hernández 0-0: Ball
1-0: Foul Ball, location: 2F
1-1: Foul Ball, location: 2F
1-2: SINGLE (Groundball, 5D)
Ramiro Ross scores
Pete Carter to second
Batting: RHB Todd Rockburn 0-0: Ball
1-0: SINGLE (Groundball, 6MD)
Pete Carter to third
Carmelo Hernández to second
Runner from 3rd tries for Home, SAFE, no throw or cutoff
Batting: LHB Henry Leroux 0-0: Foul Ball, location: 2F
0-1: Foul Ball, location: 2F
0-2: Ball
1-2: Ball
2-2: Ball
3-2: Base on Balls
Carmelo Hernández to third
Todd Rockburn to second
Batting: RHB John Craig 0-0: Ball
1-0: Foul Ball, location: 2F
1-1: Called Strike
1-2: Strikes out looking
Top of the 8th over - 3 run(s), 6 hit(s), 0 error(s), 3 left on base; Spokane 13 - Houston 1
BOTTOM OF THE 8TH
Houston Hammertime batting - Pitching for Spokane Trappers : RHP Andrew Kirk
Batting: LHB José Villegas 0-0: Called Strike
0-1: Ground out 4-3 (Groundball, 4M)
Batting: SHB Cristo Ontiveros 0-0: Ball
1-0: Swinging Strike
1-1: Ground out 4-3 (Groundball, 4M)
Batting: RHB Earl Wiggins 0-0: Ground out 5-3 (Groundball, 56S)
Bottom of the 8th over - 0 run(s), 0 hit(s), 0 error(s), 0 left on base; Spokane 13 - Houston 1
TOP OF THE 9TH
Spokane Trappers batting - Pitching for Houston Hammertime : RHP Júlio Martínez
Batting: LHB Colin Ives 0-0: Swinging Strike
0-1: Called Strike
0-2: Ball
1-2: Strikes out looking
Batting: SHB Esteban Silva 0-0: Swinging Strike
0-1: Called Strike
0-2: Ball
1-2: Ball
2-2: SINGLE (Groundball, 34D)
Pitching: RHP Daniel Félix
Batting: LHB José Feliciano 0-0: Ball
1-0: Swinging Strike
1-1: Ball
2-1: 2-RUN HOME RUN (Flyball, 7LD), Distance : 350 ft
Batting: RHB Ramiro Ross Reached via error on a dropped throw, E1
Batting: LHB Pete Carter 0-0: Fly out, F7 (Popup, 6D)
Batting: RHB Carmelo Hernández 0-0: Ball
1-0: Swinging Strike
1-1: Foul Ball, location: 2F
1-2: Foul Ball, location: 2F
1-2: Strikes out looking
Top of the 9th over - 2 run(s), 2 hit(s), 1 error(s), 1 left on base; Spokane 15 - Houston 1
BOTTOM OF THE 9TH
Houston Hammertime batting - Pitching for Spokane Trappers : RHP Andrew Kirk
Now at C: John Summers
Batting: RHB Mario Beltrán 0-0: Ball
1-0: Swinging Strike
1-1: Foul Ball, location: 2F
1-2: Ball
2-2: Fly out, F7 (Flyball, 7D)
Batting: RHB John Pick 0-0: Ball
1-0: Called Strike
1-1: SINGLE (Groundball, 56)
Batting: RHB Santo Cruz 0-0: Ground out 5-3 (Groundball, 5S)
John Pick to second
Batting: RHB Luis Barzaga 0-0: Ball
1-0: Called Strike
1-1: Ball
2-1: Ball
3-1: Base on Balls
Batting: LHB Fernando Camacho 0-0: Ball
1-0: Ball
2-0: Called Strike
2-1: Foul Ball, location: 2F
2-2: Ball
3-2: Base on Balls
John Pick to third
Luis Barzaga to second
Batting: RHB Rafael Torres 0-0: Ball
1-0: Swinging Strike
1-1: Foul Ball, location: 2F
1-2: Ball
2-2: Foul Ball, location: 2F
2-2: Foul Ball, location: 2F
2-2: Foul Ball, location: 2F
2-2: Ball
3-2: Foul Ball, location: 2F
3-2: Fly out, F7 (Line Drive, 78D)
Bottom of the 9th over - 0 run(s), 1 hit(s), 0 error(s), 3 left on base; Spokane 15 - Houston 1
This league is powered by Out of the Park Baseball, the baseball management simulation game for PC, Mac and Linux
Saturday, April 9th, 2016 - OOTP Baseball 16.8 Build 38